 Dungeon Crawl Stone Soup version 0.29-a0-322-g68df515428 (webtiles) character file.

Game seed: 1618178282009227304

145 ImHallYall the Ducker (level 5, -3/39 HPs)
             Began as a Djinni Warper on Apr 6, 2022.
             Slain by an orc
             ... wielding a +0 short sword
              (4 damage)
             ... on level 3 of the Dungeon.
             The game lasted 00:06:12 (1899 turns).

ImHallYall the Ducker (Djinni Warper)               Turns: 1899, Time: 00:06:12

Health: -3/39      AC:  5    Str: 16    XL:     5   Next: 53%
Gold:   20         EV: 11    Int: 19    God:
                   SH:  0    Dex: 14

rFire   + + .      SeeInvis +   f - +2 whip (elec)
rCold   x x .      Faith    .   (no shield)
rNeg    . . .      Spirit   .   o - +0 ring mail
rPois   ∞          Reflect  .   (no helmet)
rElec   .          Harm     .   (no cloak)
rCorr   .          Rampage  .   (no gloves)
Will    .....                   (boots unavailable)
Stlth   +.........              (no amulet)
HPRegen 0.13/turn               k - ring of Attitude {rPois rC- Str+6 Int+4 SInv}
MPRegen 0.00/turn               (no ring)

@: flying
A: sickness immunity, fire resistance 2, cold vulnerability 1, float, innate
caster, HP casting, extra vitality 1
a: no special abilities


You were on level 3 of the Dungeon.
You visited 1 branch of the dungeon, and saw 3 of its levels.

You collected 20 gold pieces.

Inventory:

Hand Weapons
 a - a +0 falchion
 f - a +2 whip of electrocution (weapon)
 j - a +0 arbalest
 n - a +0 hunting sling
Missiles
 d - 4 boomerangs of dispersal (quivered)
Armour
 b - a +0 leather armour
 e - a +0 leather armour
 o - a +0 ring mail (worn)
Magical Staves
 h - a staff of death
Jewellery
 k - the ring of Attitude (left hand) {rPois rC- Str+6 Int+4 SInv}
   (You found it on level 2 of the Dungeon)

   [ring of strength]

   Str:       It affects your strength (+6).
   Int:       It affects your intelligence (+4).
   rC:        It makes you vulnerable to cold.
   rPois:     It protects you from poison.
   SInv:      It lets you see invisible.
Scrolls
 i - a scroll of holy word {unknown}
 l - 2 scrolls of amnesia {unknown}
 p - a scroll of magic mapping {unknown}
Potions
 g - a potion of curing {unknown}
 m - 2 potions of mutation {unknown}


   Skills:
 + Level 2.3 Fighting
 + Level 2.0 Long Blades
 + Level 0.8 Maces & Flails
 + Level 0.7 Throwing
 + Level 3.1 Armour
 + Level 3.2 Dodging
 + Level 0.1 Stealth
 + Level 2.8 Spellcasting


You couldn't memorise any spells.
You knew the following spells:

 Your Spells              Type           Power      Damage    Failure   Level
a - Blink                 Tloc           26%        N/A       14%         2
b - Lesser Beckoning      Tloc           13%        N/A       26%         3
c - Gell's Gravitas       Tloc           13%        N/A       26%         3
d - Teleport Other        Tloc           13%        N/A       26%         3
e - Manifold Assault      Tloc           13%        N/A       94%         5
f - Summon Small Mammal   Summ           52%        N/A       9%          1
g - Corpse Rot            Necr/Air       26%        N/A       14%         2
Your spell library was empty.

Dungeon Overview and Level Annotations

Branches:
Dungeon (3/15)

Altars:
Kikubaaqudgha


Innate Abilities, Weirdness & Mutations

You are immune to sickness and miasma.
You are immune to poison.
Your flesh is very heat resistant. (rF++)
You are vulnerable to cold. (rC-)
You float through the air rather than walking.
You learn spells naturally, not from books.
Your magical power is your life essence.
You have superior vitality. (+4 MHP)


Message History

The orc barely misses you. The orc hits you but does no damage.
You see here a +0 club.
You hit the orc but do no damage. The orc misses you.
The orc hits you but does no damage.
You hit the orc. Lightning courses through the orc!
You kill the orc!
The orc hits you but does no damage. The orc hits you with a +0 short sword.
* * * LOW HITPOINT WARNING * * *
Things that are here:
a +0 dagger; a +0 ring mail The orc hits you with a +0 short sword.
* * * LOW HITPOINT WARNING * * *
The orc hits you with a +0 short sword.
* * * LOW HITPOINT WARNING * * *
Throw: 5 boomerangs (disperse)
Press: ? - help, Q - select action, (/) - cycle Shift-Dir - straight line, f - orc
Aim: an orc, wielding a +0 short sword and wearing a +0 leather armour (59% to hit)
You throw a boomerang of dispersal.
The boomerang of dispersal closely misses the orc.
The orc hits you with a +0 short sword.
* * * LOW HITPOINT WARNING * * *
The orc barely misses you.
You hit the orc.
The orc is lightly wounded.
The orc barely misses you. The orc hits you with a +0 short sword.
* * * LOW HITPOINT WARNING * * *
You hit the orc.
The orc is moderately wounded.
The orc closely misses you. x2
You hit the orc but do no damage. Lightning courses through the orc!
You kill the orc!
The orc hits you but does no damage. The orc barely misses you.
Things that are here:
a +0 short sword; a +0 leather armour You hit the orc but do no damage.
The orc hits you but does no damage.
You barely miss the orc. The orc misses you.
You closely miss the orc. The orc hits you with a +0 short sword.
You die...

. #....PP.P###....o.
...#....#....##....o
###...#._..##..P.#....
.....#....#...P....# #.
#.#......P..##..####
#.##.#.#........o.....#
#....###.......o..o...#
#.........###.........#
#....))@o.........§...#
#....))...............#
#.....................#
#........#####'##..####
#........# #.##..##
#........#####'###..#
........##........#..##
#........##........##).###
.........##........'....).


You could see an orc.

Vanquished Creatures
  A necrophage (D:3)
  Jessica (D:3)
  An orc wizard (D:3)
  A dart slug (D:2)
  7 orcs (D:3)
  3 endoplasms (D:2)
  A giant cockroach (D:2)
  A goblin (D:2)
  A hobgoblin (D:2)
  4 kobolds
  3 ball pythons (D:2)
  2 bats
  A rat (D:2)
27 creatures vanquished.

Vanquished Creatures (others)
  2 withered plants (D:3)
2 creatures vanquished.

Grand Total: 29 creatures vanquished

Notes
Turn   | Place    | Note
-------+----------+-------------------------------------------
     0 | D:1      | ImHallYall the Djinni Warper began the quest for the Orb.
     0 | D:1      | Reached XP level 1. HP: 18/18 MP: 0/0
     4 | D:1      | You are sucked into a shaft and drop 1 floor!
   184 | D:2      | Identified the ring of Attitude {rPois rC- Str+6 Int+4
                  | SInv}
   296 | D:2      | Reached XP level 2. HP: 22/23 MP: 0/0
  1463 | D:3      | Noticed Jessica
  1468 | D:3      | Killed Jessica
  1469 | D:3      | Reached XP level 3. HP: 22/28 MP: 0/0
  1469 | D:3      | Learned a level 1 spell: Summon Small Mammal
  1518 | D:3      | Reached XP level 4. HP: 21/33 MP: 0/0
  1839 | D:3      | Noticed a necrophage
  1865 | D:3      | Killed a necrophage
  1866 | D:3      | Reached XP level 5. HP: 26/39 MP: 0/0
  1866 | D:3      | Learned a level 2 spell: Corpse Rot
  1892 | D:3      | HP: 1/39 [orc/+0 short sword (5)]
  1899 | D:3      | Slain by an orc

Illustrated notes

Levels and vault maps discovered:
D:1:      shiori_arrival_maze, layout_basic,
          shapermc_ecumenical_altar_mp_urbaneastern
D:2:      layout_loops_ring, amcnicky_mini_pool_small,
          amcnicky_mini_corridor_feature
D:3:      layout_basic, grunt_temple_overflow_order_and_chaos_2,
          kiku_gazebo_garden_becter, uniq_jessica

Skill      XL: |  1  2  3  4 |
---------------+-------------+-----
Armour         | 2 3 |  3.1
Dodging        | 3 |  3.2
Long Blades    | 2 |  2.0
Fighting       | |  2.3
Maces & Flails | |  0.8
Throwing       | |  0.7
Stealth        | |  0.1
Spellcasting   | |  2.8

Action                   |  1- 3 |  4- 6 || total
-------------------------+-------+-------++-------
Melee: Whip              |    51 |    30 ||    81
       Falchion          |     4 |       ||     4
       Punch             |       |     1 ||     1
Throw: Boomerang         |       |     3 ||     3
  Use: Scroll            |       |     1 ||     1
Armor: Leather armour    |    14 |       ||    14
       Ring mail         |     4 |    18 ||    22
Dodge: Dodged            |    43 |    23 ||    66

Table legend: (Time is in decaauts)
 A = Elapsed time spent in this place.
 B = Non-inter-level travel time spent in this place.
 C = Inter-level travel time spent in this place.
 D = Time resting spent in this place.
 E = Time spent auto-exploring this place.
 F = Levels seen in this place.
 G = Mean time per level.
                   A        B        C        D        E       F      G
               +--------+--------+--------+--------+--------+-----+--------+
         Total |   1906 |   1906 |      0 |   1019 |    414 |   3 |  635.3 |
       Dungeon |   1906 |   1906 |      0 |   1019 |    414 |   3 |  635.3 |
               +--------+--------+--------+--------+--------+-----+--------+

Top non-repeatable levels by time:
     D:2: 1452 daAuts
     D:3: 450 daAuts
     D:1: 4 daAuts
